 Dungeon Crawl Stone Soup version 0.24.0-13-gcf9b3192b9 (webtiles) character file.

Game seed: 15126638723650121190, levelgen mode: deterministic

468 Matador8 the Gusty (level 6, -1/45 HPs)
             Began as a Draconian Air Elementalist on Nov 7, 2019.
             Killed from afar by Ijyb (14 damage)
             ... with a bolt of acid
             ... on level 5 of the Dungeon.
             The game lasted 00:28:18 (4299 turns).

Matador8 the Gusty (Draconian Air Elementalist)     Turns: 4299, Time: 00:28:18

Health: -1/45      AC:  3    Str: 11    XL:     6   Next: 81%
Magic:  1/10       EV: 12    Int: 17    God:
Gold:   237        SH:  0    Dex: 11    Spells: 5/11 levels left

rFire    . . .     SeeInvis .   l - +2 dagger (venom)
rCold    . . .     Gourm    .   (no shield)
rNeg     . . .     Faith    .   (armour unavailable)
rPois    .         Spirit   .   (helmet restricted)
rElec    .         Reflect  .   h - +0 cloak
rCorr    .         Harm     .   (no gloves)
MR       .....                  (no boots)
Stlth    ++........             (no amulet)
HPRegen  0.15/turn              (no ring)
MPRegen  0.12/turn              (no ring)

@: corroded
A: unfitting armour, cold-blooded, AC +6
a: no special abilities


You were on level 5 of the Dungeon.
You were not hungry.

You visited 2 branches of the dungeon, and saw 6 of its levels.

You collected 237 gold pieces.

Inventory:

Hand Weapons
 c - a +0 short sword
 l - a +2 dagger of venom (weapon)
Armour
 h - a +0 cloak (worn)
Wands
 r - a wand of paralysis (12)
Scrolls
 d - a scroll of identify
 g - a scroll of blinking {unknown}
 i - 3 scrolls of enchant armour
 k - a scroll of teleportation
 m - 5 scrolls of remove curse
 n - 2 scrolls of noise {unknown}
 o - 2 scrolls of random uselessness {unknown}
 q - a scroll of magic mapping {unknown}
Potions
 a - a potion of berserk rage {unknown}
 e - a potion of lignification {unknown}
 f - 2 potions of brilliance
 j - a potion of heal wounds {unknown}
 p - a potion of degeneration {unknown}
 s - 2 potions of might {unknown}
 t - a potion of flight {unknown}
Comestibles
 b - 6 rations


   Skills:
 - Level 1.7 Dodging
 - Level 1.7 Stealth
 - Level 3.0 Spellcasting
 + Level 4.1 Conjurations
 - Level 2.0 Charms
 + Level 5.4 Air Magic


You had 5 spell levels left.
You knew the following spells:

 Your Spells              Type           Power        Failure   Level  Hunger
a - Shock                 Conj/Air       ###.         2%          1    None
b - Swiftness             Chrm/Air       ###.....     5%          2    ##.....
c - Static Discharge      Conj/Air       ###.....     8%          3    ###....

Your spell library contained the following spells:

 Spells                   Type           Power        Failure   Level  Hunger
 Airstrike                Air            ###.......   19%         4    ####...
 Lightning Bolt           Conj/Air       ###.......   56%         5    ######.


Dungeon Overview and Level Annotations

Branches:
Dungeon (5/15)             Temple (1/1) D:4

Altars:
Gozag
Makhleb
Okawaru
Qazlal
Ru
Sif Muna
Trog
Vehumet
Xom
Yredelemnul
The Shining One

Annotations:
D:4 Menkaure, Pikel
D:5 Ijyb


Innate Abilities, Weirdness & Mutations

Your plain brown scales are hard. (AC +6)
You cannot fit into any form of body armour.
You are cold-blooded and may be slowed by cold attacks.


Message History

Press: ? - help, Shift-Dir - straight line, f/p - Ijyb
Aim: Ijyb, wearing a +3 leather armour of fire resistance and carrying a wand of acid (7) (severely wounded)
The zap hits Ijyb.
Ijyb is severely wounded.
Ijyb zaps a wand.
The bolt of acid hits you!! The acid corrodes you!
You are splashed with acid!
* * * LOW HITPOINT WARNING * * *
You hit Ijyb but do no damage.
Ijyb is severely wounded.
Ijyb barely misses you.
You closely miss Ijyb.
Ijyb is severely wounded.
Ijyb hits you but does no damage.
You barely miss Ijyb. You tail-slap Ijyb, but do no damage.
Ijyb is severely wounded.
Ijyb zaps a wand.
The bolt of acid misses you.
You barely miss Ijyb.
Ijyb is severely wounded.
Ijyb zaps a wand.
The bolt of acid hits you!
You die...

#.....##
#......###
####........
..........#
#.....# #. #<#
#..#.#### #
####..#....##.#
.......@......#
##.####g...####
..............#
...............#
##.##..........#
# ###....###.#
#....# # #....#
#.#...


You could see Ijyb.

Vanquished Creatures
  A phantom (D:3)
  2 slaves
  A scorpion (D:4)
  A howler monkey (D:2)
  A bullfrog skeleton (D:4)
  3 orc wizards
  5 gnolls
  5 adders
  3 worms
  A dart slug (D:2)
  A leopard gecko (D:3)
  8 orcs
  5 giant cockroaches
  11 goblins
  5 hobgoblins
  2 jackals (D:3)
  17 kobolds
  2 ball pythons
  7 bats
  7 frilled lizards
  8 rats
96 creatures vanquished.

Vanquished Creatures (others)
  4 toadstools (D:1)
4 creatures vanquished.

Grand Total: 100 creatures vanquished

Notes
Turn   | Place    | Note
-------+----------+-------------------------------------------
     0 | D:1      | Matador8 the Draconian Air Elementalist began the quest for
                  | the Orb.
     0 | D:1      | Reached XP level 1. HP: 14/14 MP: 3/3
   338 | D:1      | Reached XP level 2. HP: 20/20 MP: 0/5
   542 | D:1      | Learned a level 2 spell: Swiftness
   931 | D:2      | Reached XP level 3. HP: 26/26 MP: 0/6
  1171 | D:2      | Reached skill level 1 in Charms
  1171 | D:2      | Reached XP level 4. HP: 24/33 MP: 0/7
  1588 | D:2      | Found an iron altar of Okawaru.
  1903 | D:3      | Reached skill level 4 in Air Magic
  1977 | D:3      | Learned a level 3 spell: Static Discharge
  2046 | D:3      | Reached XP level 5. HP: 35/38 MP: 0/8
  3061 | D:4      | Noticed a slave
  3061 | D:4      | Noticed a slave
  3067 | D:4      | Noticed Pikel
  3087 | D:4      | Reached XP level 6. HP: 45/45 MP: 3/10
  3098 | D:4      | Found a staircase to the Ecumenical Temple.
  3112 | Temple   | Entered the Ecumenical Temple
  3254 | D:4      | Noticed Menkaure
  3428 | D:4      | Reached skill level 5 in Air Magic
  4067 | D:4      | Noticed a slave
  4096 | D:3      | Killed a slave
  4175 | D:4      | Killed a slave
  4277 | D:5      | Entered Level 5 of the Dungeon
  4281 | D:5      | Noticed Ijyb
  4299 | D:5      | Killed from afar by Ijyb

Levels and vault maps discovered:
D:1:      ldierk_walled_garden_2, layout_rooms, minmay_close_crescents
D:2:      layout_rooms, okawaru_altar_gauntlet_db, minmay_joined_circles
D:3:      layout_loops_ring, first_ration
D:4:      layout_rooms, kennysheep_mini, minmay_temple_entry_mist, uniq_pikel,
          uniq_menkaure
D:5:      layout_loops_ring, uniq_ijyb
Temple:   zaba_magenta_temple

Skill      XL: |  1  2  3  4  5  6 |
---------------+-------------------+-----
Conjurations   | 2 3 4 |  4.1
Charms         | 1 2 |  2.0
Air Magic      | 4 5 |  5.4
Spellcasting   | 3 |  3.0
Dodging        | |  1.7
Stealth        | |  1.7

Action                   |  1- 3 |  4- 6 || total
-------------------------+-------+-------++-------
Melee: Unarmed           |    13 |       ||    13
       Short sword       |    17 |       ||    17
       Dagger            |     3 |    78 ||    81
       Tailslap          |       |    10 ||    10
 Cast: Shock             |    46 |   144 ||   190
       Swiftness         |     1 |       ||     1
       Static Discharge  |       |     8 ||     8
  Use: Scroll            |       |     6 ||     6
 Stab: Sleeping          |       |     1 ||     1
  Eat: Chunk             |     1 |     9 ||    10
       Ration            |       |     1 ||     1
Armor: Skin              |    23 |    57 ||    80
Dodge: Dodged            |    54 |    84 ||   138
